 Dungeon Crawl Stone Soup version 0.19-a0-1786-g230130f (webtiles) character file.

52175 kae the Fencer (level 15, -7/125 HPs)
             Began as a Formicid Fighter on Oct 3, 2016.
             Was the Champion of Okawaru.
             Mangled by an ice devil (21 damage)
             ... in an ice cave.
             The game lasted 00:31:48 (21491 turns).

kae the Fencer (Formicid Fighter)                  Turns: 21491, Time: 00:31:49

Health: -7/125     AC: 22    Str: 28    XL:     15   Next: 5%
Magic:  23/23      EV: 10    Int: 12    God:    Okawaru [******]
Gold:   1202       SH:  0    Dex: 20    Spells: 0 memorised, 14 levels left

rFire  x . .     SeeInvis +     a - +6 triple sword (drain)
rCold  . . .     Gourm    .     l - +1 ring mail of Duty {Str+6 Int+2}
rNeg   . . .     Faith    .     o - +0 shield of the Jolly Lives {rPois Regen+ Str-3 Dex+4}
rPois  +         Spirit   .     (helmet unavailable)
rElec  .         Dismiss  .     P - +0 cloak
rCorr  .         Reflect  .     S - +1 pair of gloves {Dex+3}
MR     ++...     Harm     .     m - +2 pair of boots of Midsummer {+Fly rF- MR+ Dex+3}
Stlth  ..........               (no amulet)
                                O - +3 ring of protection
                                c - +4 ring of protection

@: confused
A: permanent stasis, dig shafts and tunnels, four strong arms, antennae 3,
iridescent scales 1
a: Dig, Shaft Self, Heroism, Finesse, Renounce Religion, Evoke Flight


You were in an ice cave.
You worshipped Okawaru.
Okawaru was exalted by your worship.
You were hungry.

You visited 2 branches of the dungeon, and saw 19 of its levels.
You also visited: Sewer and Ice Cave.

You collected 1202 gold pieces.

Inventory:

Hand Weapons
 a - a +6 triple sword of draining (weapon)
 b - a +1 scimitar of flaming
Armour
 l - the +1 ring mail of Duty (worn) {Str+6 Int+2}
   (You found it on level 1 of the Lair of Beasts)

   It affects your strength (+6).
   It affects your intelligence (+2).
 m - the +2 pair of boots of Midsummer (worn) {+Fly rF- MR+ Dex+3}
   (Okawaru gifted it to you on level 5 of the Lair of Beasts)

   It affects your dexterity (+3).
   It makes you vulnerable to fire.
   It affects your resistance to hostile enchantments.
   It lets you fly.
 o - the +0 shield of the Jolly Lives (worn) {rPois Regen+ Str-3 Dex+4}
   (You found it on level 2 of the Lair of Beasts)

   It affects your strength (-3).
   It affects your dexterity (+4).
   It protects you from poison.
   It increases your rate of regeneration.
 v - the +0 chain mail of Quhaykh {rPois}
   (Okawaru gifted it to you on level 4 of the Lair of Beasts)

   It protects you from poison.
 P - a +0 cloak (worn)
 S - a +1 pair of gloves of dexterity (worn)
 Y - the +1 shield of Fif Doyrch {rElec Int+3 Dex+2}
   (Okawaru gifted it to you on level 12 of the Dungeon)

   It affects your intelligence (+3).
   It affects your dexterity (+2).
   It insulates you from electricity.
Jewellery
 c - a +4 ring of protection (left hand)
 d - an uncursed ring of positive energy
 w - a +6 ring of intelligence
 O - a +3 ring of protection (right hand)
Wands
 e - a wand of iceblast (6/15)
 i - a wand of polymorph (6/24)
Scrolls
 h - 3 scrolls of recharging
 j - 4 scrolls of fear
 k - 8 scrolls of identify
 y - 5 scrolls of magic mapping
 z - 3 scrolls of immolation
 U - 5 scrolls of remove curse
 Z - a scroll of fog
Potions
 p - a potion of ambrosia
 r - a potion of cancellation
 s - 6 potions of brilliance
 u - 4 potions of curing
 A - 2 potions of resistance
 B - 2 potions of invisibility
 G - 3 potions of agility
 H - a potion of lignification
 R - 4 potions of might
 W - 2 potions of flight
Comestibles
 f - 17 bread rations
 g - 2 fruits
 n - 11 meat rations
 q - a royal jelly
 C - 2 slices of pizza
 D - 7 beef jerkies


   Skills:
 + Level 13.6 Fighting
 * Level 17.0 Long Blades
 - Level 3.2 Armour
 - Level 10.0 Shields
 + Level 11.9 Invocations


You had 14 spell levels left.
You didn't know any spells.

Dungeon Overview and Level Annotations

Branches:
Dungeon (13/15)            Temple (0/1) D:6            Lair (6/6) D:11
  Swamp (0/4) Lair:3        Snake (0/4) Lair:2        Slime (0/5) Lair:5
    Orc (0/2) D:9
 Vaults: D:13-14

Altars:
Ashenzari
Kikubaaqudgha
Makhleb
Nemelex Xobeh
Okawaru
Trog
Vehumet
Yredelemnul
The Shining One
Jiyva

Shops:
D:7 :   D:10 (   D:13 (


Innate Abilities, Weirdness & Mutations

You are under a permanent stasis effect.
You can dig through walls and to a lower floor.
Your four strong arms can wield two-handed weapons with a shield.
You have a pair of large antennae on your head. (SInv)
You are partially covered in iridescent scales. (AC +2)


Message History

You block the ice devil's attack. The ice devil hits you.
The ice devil freezes you!!
* * * LOW HITPOINT WARNING * * *
Unknown command.
You slice the ice devil!!
You kill the ice devil!
Okawaru accepts your kill. You block the ice devil's attack.
Unknown command.
You completely miss the ice devil. The ice devil hits you!
* * * LOW HITPOINT WARNING * * *
The ice devil freezes you!!
* * * LOW HITPOINT WARNING * * *
Unknown command.
Okay, then.
You are confused.
You feel invigorated. The ice devil hits you.
* * * LOW HITPOINT WARNING * * *
The ice devil freezes you!!
You die...

#.. ... .... ####
{..... ##..######
#.....
##....##..##......
#.......4.........
#..∩∩..@..........
#.......##........
##....######......
##..## #..... ####
{..... .... ...
#..


You could see an ice devil.

Vanquished Creatures
  Rupert (Lair:4)
  Gastronok (Lair:3)
  Snorg (D:13)
  6 hydras
  A catoblepas (Lair:4)
  A death knight (D:12)
  Erica (D:9)
  The ghost of Jano the Destroyer, a journeyman OpCj of Gozag (D:10)
  3 tengu warriors
  Urug (D:12)
  A skeletal warrior (D:12)
  An unseen horror (D:13)
  An obsidian statue (D:13)
  4 hill giants
  A necromancer (Lair:5)
  A salamander (shapeshifter) (D:13)
  4 ugly things (D:11)
  A cyclops (D:13)
  2 black mambas
  Joseph (D:8)
  An ice statue (D:13)
  Maurice (D:8)
  8 elephants
  11 spiny frogs
  2 gargoyles
  3 rime drakes
  2 freezing wraiths (D:12)
  A komodo dragon (Lair:5)
  An ice devil (IceCv)
  A merfolk (D:12)
  A tengu conjurer (D:13)
  A polar bear (Lair:5)
  4 trolls
  8 blink frogs
  Prince Ribbit (D:6)
  7 hippogriffs
  2 water elementals (D:11)
  4 wraiths
  43 yaks
  A shadow (D:13)
  2 vampires
  2 basilisks (D:11)
  A hungry ghost (D:8)
  2 nagas (Lair:2)
  A mottled dragon (D:13)
  A soldier ant (D:12)
  6 water moccasins
  5 porcupines
  3 ice beasts
  2 swamp drakes
  3 orc warriors
  3 phantoms
  2 sky beasts
  2 eyes of draining
  2 black bears
  A necrophage (D:13)
  7 ogres
  3 wolves (Lair:3)
  5 centaurs
  11 crocodiles
  An elf zombie (D:13)
  2 big kobolds
  23 bullfrogs
  A wyvern zombie (D:13)
  An elf skeleton (D:13)
  2 wyvern skeletons
  2 scorpions
  A troll zombie (D:13)
  9 killer bees
  6 wights (D:13)
  2 howler monkeys
  7 electric eels
  8 crimson imps
  6 hounds
  2 human zombies (D:13)
  A jelly (D:11)
  A bullfrog skeleton (D:6)
  2 orc priests
  2 human skeletons (D:13)
  6 orc wizards
  Jessica (D:2)
  13 iguanas
  3 polar bear simulacra (Lair:5)
  Terence (D:2)
  9 worker ants
  5 yak simulacra (Lair:5)
  A wolf simulacrum (Lair:5)
  A hound skeleton (D:7)
  A mummy (D:13)
  2 worker ant zombies
  A gnoll (D:1)
  2 howler monkey skeletons
  52 river rats
  16 adders
  A shadow imp (D:8)
  2 oozes
  2 adder zombies
  An adder skeleton (D:7)
  8 worms
  3 dart slugs
  3 leopard geckos
  44 orcs
  10 bats
  5 giant cockroaches
  5 goblins
  9 hobgoblins
  3 jackals (D:1)
  4 quokkas
  2 ball pythons
  6 frilled lizards
  2 giant cockroach zombies
  A jackal skeleton (D:6)
  21 kobolds
  A quokka skeleton (D:5)
  9 rats
  2 river rat simulacra (Lair:5)
  A spectral orc (D:4)
  2 plants (D:11)
541 creatures vanquished.

Vanquished Creatures (collateral kills)
  An elephant (Lair:6)
  A water moccasin (Lair:6)
2 creatures vanquished.

Vanquished Creatures (others)
  An orc warrior (D:9)
  An orc (D:9)
  6 fungi
  5 plants
13 creatures vanquished.

Grand Total: 556 creatures vanquished

Notes
Turn   | Place    | Note
-------+----------+-------------------------------------------
     0 | D:1      | kae the Formicid Fighter began the quest for the Orb.
     0 | D:1      | Reached XP level 1. HP: 18/18 MP: 1/1
    92 | D:1      | Reached XP level 2. HP: 23/24 MP: 2/2
   299 | D:1      | Reached XP level 3. HP: 29/29 MP: 3/3
   368 | D:1      | Reached skill level 3 in Long Blades
   544 | D:1      | You fall through a shaft!
   572 | D:2      | Reached XP level 4. HP: 30/37 MP: 4/4
  1124 | D:2      | Noticed Terence
  1131 | D:2      | Killed Terence
  1138 | D:2      | Reached XP level 5. HP: 33/42 MP: 5/5
  1254 | D:2      | Noticed Jessica
  1270 | D:2      | Killed Jessica
  1714 | D:3      | Reached skill level 4 in Long Blades
  2052 | D:3      | Reached skill level 5 in Shields
  2105 | D:3      | Found a bloodstained altar of Trog.
  2112 | D:3      | Found an iron altar of Okawaru.
  2189 | D:3      | Found a burning altar of Makhleb.
  2203 | D:3      | Reached XP level 6. HP: 49/49 MP: 6/6
  2239 | D:3      | Became a worshipper of Warmaster Okawaru
  2615 | D:4      | Gained mutation: You are partially covered in iridescent scales. (AC +2) [potion of beneficial mutation]
  2715 | D:4      | Found a basalt altar of Yredelemnul.
  2878 | D:4      | Found a glowing drain.
  2880 | D:4      | Reached skill level 5 in Long Blades
  2883 | Sewer    | Entered a sewer
  2905 | Sewer    | Reached XP level 7. HP: 55/55 MP: 7/7
  2971 | Sewer    | Reached * piety under Okawaru
  2975 | Sewer    | Reached skill level 5 in Fighting
  3785 | D:5      | Entered Level 5 of the Dungeon
  4026 | D:5      | Reached skill level 6 in Long Blades
  4485 | D:6      | Reached XP level 8. HP: 60/63 MP: 8/8
  4618 | D:6      | Reached ** piety under Okawaru
  4676 | D:6      | You fall through a shaft for 2 floors!
  4711 | D:8      | Reached skill level 7 in Long Blades
  4925 | D:6      | Found a staircase to the Ecumenical Temple.
  5114 | D:6      | Noticed Prince Ribbit
  5278 | D:6      | Killed Prince Ribbit
  5278 | D:6      | Reached XP level 9. HP: 19/71 MP: 6/9
  5588 | D:6      | Reached skill level 8 in Long Blades
  5659 | D:6      | Found a shattered altar of Ashenzari.
  5927 | D:7      | Reached *** piety under Okawaru
  6149 | D:7      | Noticed a hippogriff
  6171 | D:7      | Killed a hippogriff
  6619 | D:7      | Found Peminys's Book Boutique.
  6727 | D:8      | Reached skill level 9 in Long Blades
  6780 | D:8      | Noticed Maurice
  6839 | D:8      | Killed Maurice
  6864 | D:8      | Reached XP level 10. HP: 77/80 MP: 10/10
  6875 | D:8      | Noticed Joseph
  6916 | D:8      | Killed Joseph
  6916 | D:8      | Reached **** piety under Okawaru
  7265 | D:8      | Reached skill level 10 in Long Blades
  7844 | D:8      | Found a glowing golden altar of the Shining One.
  8005 | D:8      | Found a radiant altar of Vehumet.
  8086 | D:9      | Noticed Erica
  8106 | D:9      | Killed Erica
  8233 | D:9      | Found a staircase to the Orcish Mines.
  8281 | D:9      | Got a polished animal skin
  8292 | D:9      | Identified the +1 animal skin "Cutam" {Str+4 Int-2 Dex+2 Slay+5} (You took it off an orc on level 9 of the Dungeon)
  8686 | D:9      | Found a sparkling altar of Nemelex Xobeh.
  8749 | D:9      | Reached skill level 11 in Long Blades
  8772 | D:9      | Reached skill level 10 in Shields
  8989 | D:10     | Entered Level 10 of the Dungeon
  9000 | D:10     | Reached skill level 1 in Invocations
  9009 | D:10     | Reached XP level 11. HP: 42/89 MP: 9/11
  9397 | D:10     | Reached ***** piety under Okawaru
  9422 | D:10     | Noticed a five-headed hydra
  9428 | D:10     | Killed a two-headed hydra
  9463 | D:10     | Received a gift from Okawaru
  9534 | D:10     | Noticed Jano's ghost (journeyman OpCj)
  9545 | D:10     | Killed Jano's ghost
  9545 | D:10     | Reached skill level 12 in Long Blades
  9712 | D:10     | Noticed a hill giant
  9717 | D:10     | Killed a hill giant
  9747 | D:10     | Found Waenuj's Weapon Shop.
  9776 | D:10     | Got a faintly humming leather armour
  9787 | D:10     | Identified the +1 leather armour of Impressiveness {rCorr} (You found it on level 10 of the Dungeon)
 10095 | D:11     | Noticed a hill giant
 10100 | D:11     | Killed a hill giant
 10100 | D:11     | Reached skill level 10 in Fighting
 10257 | D:11     | Reached skill level 5 in Invocations
 10664 | D:11     | HP: 1/90 [electric eel/bolt of electricity (17)]
 11161 | D:11     | Found a staircase to the Lair.
 11406 | D:11     | Noticed a purple ugly thing
 11406 | D:11     | Noticed a brown ugly thing
 11422 | D:11     | Killed a cyan ugly thing
 11429 | D:11     | Killed a purple ugly thing
 11429 | D:11     | Reached XP level 12. HP: 81/98 MP: 13/16
 11570 | D:11     | Received a gift from Okawaru
 11748 | D:11     | Reached skill level 13 in Long Blades
 12042 | D:11     | Received a gift from Okawaru
 12791 | D:12     | Noticed a skeletal warrior
 12792 | D:12     | Noticed a death knight
 12805 | D:12     | Killed a death knight
 12808 | D:12     | Killed a skeletal warrior
 12847 | D:12     | Noticed a five-headed hydra
 12850 | D:12     | Noticed Urug
 12870 | D:12     | Killed a one-headed hydra
 12888 | D:12     | Killed Urug
 13019 | D:12     | Reached skill level 14 in Long Blades
 13440 | D:12     | Received a gift from Okawaru
 13502 | D:12     | Got a distressingly furry shield {god gift}
 13513 | D:12     | Identified the +1 shield of Fif Doyrch {rElec Int+3 Dex+2} (Okawaru gifted it to you on level 12 of the Dungeon)
 13541 | D:12     | Noticed a tengu warrior
 13546 | D:12     | Noticed a tengu warrior
 13552 | D:12     | Killed a tengu warrior
 13552 | D:12     | Reached XP level 13. HP: 34/106 MP: 19/19
 14654 | D:13     | Found Dobuw's Antique Weapon Boutique.
 14729 | D:13     | Found an ancient bone altar of Kikubaaqudgha.
 14944 | D:13     | Reached skill level 15 in Long Blades
 15402 | D:13     | Noticed Snorg
 15410 | D:13     | Killed Snorg
 15666 | Lair:1   | Entered Level 1 of the Lair of Beasts
 15870 | Lair:1   | Noticed a five-headed hydra
 15880 | Lair:1   | Killed a three-headed hydra
 16371 | Lair:1   | Received a gift from Okawaru
 16387 | Lair:1   | Reached skill level 10 in Invocations
 16853 | Lair:1   | Got a ruby-encrusted ring mail
 16864 | Lair:1   | Identified the +1 ring mail of Duty {Str+6 Int+2} (You found it on level 1 of the Lair of Beasts)
 17007 | Lair:2   | Found a staircase to the Snake Pit.
 17035 | Lair:2   | Received a gift from Okawaru
 17245 | Lair:2   | Reached XP level 14. HP: 104/116 MP: 21/21
 17345 | Lair:2   | Got an encrusted shield
 17364 | Lair:2   | Identified the cursed +0 shield of the Jolly Lives {rPois Regen+ Str-3 Dex+4} (You found it on level 2 of the Lair of Beasts)
 18162 | Lair:3   | Noticed Gastronok
 18166 | Lair:3   | Reached ****** piety under Okawaru
 18176 | Lair:3   | Killed Gastronok
 18176 | Lair:3   | Reached skill level 16 in Long Blades
 18399 | Lair:3   | Found a staircase to the Swamp.
 18970 | Lair:4   | Received a gift from Okawaru
 18982 | Lair:4   | Got a heavily runed chain mail {god gift}
 18993 | Lair:4   | Identified the +0 chain mail of Quhaykh {rPois} (Okawaru gifted it to you on level 4 of the Lair of Beasts)
 19229 | Lair:4   | Noticed Rupert
 19242 | Lair:4   | Killed Rupert
 20800 | Lair:5   | Found a staircase to the Slime Pits.
 20801 | Lair:5   | Found a viscous altar of Jiyva.
 21326 | Lair:6   | Entered Level 6 of the Lair of Beasts
 21347 | Lair:6   | Reached skill level 17 in Long Blades
 21350 | Lair:6   | Reached XP level 15. HP: 113/124 MP: 23/23
 21374 | Lair:5   | Received a gift from Okawaru
 21377 | Lair:5   | Got a pair of shimmering boots {god gift}
 21383 | Lair:5   | Identified the +2 pair of boots of Midsummer {+Fly rF- MR+ Dex+3} (Okawaru gifted it to you on level 5 of the Lair of Beasts)
 21455 | Lair:6   | Found a frozen archway.
 21470 | IceCv    | Entered an ice cave
 21491 | IceCv    | Mangled by an ice devil

Vault maps used:
D:1:      dpeg_arrival_signposts, minmay_tetromino_i2
D:2:      first_bread, due_unseen_surprise, uniq_jessica, uniq_terence
D:3:      amethyst_overflow_temple_binary, makhleb_grotto_becter
D:4:      yredelemnul_forgotten_temple_becter, portal_sewer_entry_d
D:6:      kennysheep_little_box, uniq_prince_ribbit1
D:7:      serial_shops, kennysheep_mini
D:8:      grunt_temple_overflow_open, uniq_maurice, uniq_joseph
D:9:      nemelex_xobeh_ov_fountains_minmay, erik_orc_1, uniq_erica
D:10:     serial_shops, shop
D:11:     dpeg_lair_monsters, serial_bayou, serial_bayou_pond_c,
          serial_bayou_pond_d, serial_bayou_lake_a, serial_bayou_lagoon_a,
          serial_bayou_pond_a, serial_bayou_ford_a
D:12:     hangedman_fish_farm, abandoned_shop, uniq_urug
D:13:     minmay_separated_statues, serial_shops, nicolae_shop_stone,
          lemuel_mausoleum_altar_kikubaaqudgha, uniq_snorg
Lair:2:   guppyfry_snake_entry_island, grunt_megastairs_2
Lair:3:   minmay_swamp_entry_reptiles, uniq_gastronok
Lair:4:   serial_bayou_shore_a, uniq_rupert
Lair:5:   slime_altar_1, eino_house_with_fridge, serial_bayou_shore_b,
          grunt_megastairs_5
Lair:6:   due_jungle_book, portal_ice_cave_entry_pillars_1, lemuel_old_faithful,
          serial_bayou_shore_b
Sewer:    sewer_co_15_rooms
IceCv:    ice_cave_tombish

Skill      XL: |  1  2  3  4  5  6  7  8  9 10 11 12 13 14 |
---------------+-------------------------------------------+-----
Long Blades    | 3 4 5 6 7 9 11 12 14 15 17 | 17.0
Shields        | 4 5 6 7 8 10 | 10.0
Fighting       | 4 5 6 7 9 10 11 12 13 | 13.6
Invocations    | 1 5 8 10 11 | 11.9
Armour         | |  3.2

Action                   |  1- 3 |  4- 6 |  7- 9 | 10-12 | 13-15 || total
-------------------------+-------+-------+-------+-------+-------++-------
Melee: Long sword        |    83 |   235 |   406 |   127 |       ||   851
       Scimitar          |       |       |       |   297 |    28 ||   325
       Triple sword      |       |       |       |   102 |   562 ||   664
Invok: Heroism           |       |       |     6 |    17 |     7 ||    30
 Abil: Dig               |       |     6 |     4 |     6 |     3 ||    19
Evoke: Wand              |       |       |     8 |       |       ||     8
  Use: Scroll            |       |     7 |     8 |     3 |     9 ||    27
       Potion            |       |     3 |     6 |     4 |     1 ||    14
 Stab: Sleeping          |       |       |       |     7 |     4 ||    11
       Distracted        |       |       |       |     1 |     2 ||     3
       Confused          |       |       |       |       |     2 ||     2
  Eat: Chunk             |       |     8 |    16 |    22 |    23 ||    69
       Fruit             |       |       |     5 |     1 |       ||     6
       Royal jelly       |       |       |       |       |     1 ||     1
Armor: Scale mail        |    46 |    80 |   129 |    31 |       ||   286
       Animal skin       |       |       |       |    59 |    25 ||    84
       Ring mail         |       |       |       |       |   140 ||   140
Dodge: Dodged            |    31 |    69 |   109 |   140 |   168 ||   517
Block: Shield            |    46 |   151 |   204 |   238 |   369 ||  1008
       Rpst.: Long sword |     6 |    22 |    23 |     7 |       ||    58
       Scimitar          |       |       |       |    16 |     2 ||    18
       Triple sword      |       |       |       |     3 |    39 ||    42
